 Dungeon Crawl Stone Soup version 0.18.1-48-g4cf74bf (webtiles) character file.

42 negitausen the Skirmisher (level 3, 0/26 HPs)
             Began as a Demonspawn Berserker on Sept 11, 2016.
             Was a Believer of Trog.
             Succumbed to an adder's poison
             ... on level 3 of the Dungeon.
             The game lasted 00:07:07 (931 turns).

negitausen the Skirmisher (Demonspawn Berserker)     Turns: 931, Time: 00:07:08

Health: 0/26       AC:  5    Str: 16    XL:     3   Next: 33%
Magic:  3/3        EV: 11    Int:  8    God:    Trog [**....]
Gold:   38         SH:  0    Dex: 12    Spells: 0 memorised, 2 levels left

rFire  . . .     SeeInvis .     a - +1 falchion
rCold  . . .     Gourm    .     f - +0 ring mail
rNeg   . . .     Faith    .     (no shield)
rPois  .         Spirit   .     (no helmet)
rElec  .         Dismiss  .     (no cloak)
rCorr  .         Reflect  .     (no gloves)
SustAt .         Harm     .     (no boots)
MR     .....                    (no amulet)
Stlth  ++........               (no ring)
                                (no ring)

@: lethally poisoned (0 -> -6), exhausted, slowed, very slow, not resistant to
hostile enchantments, unstealthy
A: claws 1, frail 1, nightstalker 1, screaming 1, weak 1, wild magic 1
a: Berserk, Trog's Hand, Burn Spellbooks, Renounce Religion


You were on level 3 of the Dungeon.
You worshipped Trog.
Trog was pleased with you.
You were not hungry.

You visited 1 branch of the dungeon, and saw 3 of its levels.

You collected 38 gold pieces.

Inventory:

Hand Weapons
 a - a +1 falchion (weapon)
 i - a +0 hunting sling of flaming
Missiles
 d - 107 stones (quivered)
Armour
 b - a +0 animal skin
 e - a +0 robe
 f - a +0 ring mail (worn)
Scrolls
 j - 3 scrolls of teleportation
Comestibles
 g - a meat ration
 h - a slice of pizza


   Skills:
 + Level 3.4 Fighting
 + Level 3.3 Long Blades
 + Level 2.0 Armour
 + Level 2.0 Dodging
 + Level 0.2 Stealth


You had 2 spell levels left.
You didn't know any spells.

Dungeon Overview and Level Annotations

Branches:
Dungeon (3/15)

Altars:


Innate Abilities, Weirdness & Mutations

You have sharp fingernails.
You are slightly more attuned to the shadows.
You are frail (-10% HP).
You occasionally shout uncontrollably at your foes.
You are weak. (Str -2)
Your spells are a little harder to cast, but a little more powerful.


Message History

You feel sick.
You feel a strong urge to attack something.
* * * LOW HITPOINT WARNING * * *
You feel sick.
You feel your anger subside.
You are no longer berserk.
You are exhausted.
You feel yourself slow down.
You are feeling very hungry.
Eat which item? (? for menu, Esc to quit)
* * * LOW HITPOINT WARNING * * *
You feel sick.
You continue eating.
* * * LOW HITPOINT WARNING * * *
You feel sick. The kobold hits you but does no damage.
You continue eating.
The kobold barely misses you.
You finish eating.
That bread ration really hit the spot!
You aren't carrying any potions.
You miss the kobold.
You die...

.... # ..##.#
#....# #)##..
#.##.# #.##.#
#.##.# #### #.K#.#
.... ##.@.### #...
###...# #..> #.#.#
##...
#.#.#########....
#................
#......#########...
...#.##.. #### ##
#. ##.# #. .#


You could see a kobold.

Vanquished Creatures
  An adder (D:3)
  A worm (D:2)
  A dart slug (D:1)
  A bat (D:1)
  A giant cockroach (D:3)
  A goblin (D:1)
  3 hobgoblins
  A giant newt (D:1)
  10 kobolds
  9 rats
29 creatures vanquished.

Notes
Turn   | Place    | Note
--------------------------------------------------------------
     0 | D:1      | negitausen the Demonspawn Berserker began the quest for the Orb.
     0 | D:1      | Reached XP level 1. HP: 18/18 MP: 1/1
   198 | D:1      | Gained mutation: You are slightly more attuned to the shadows. [demonic ancestry]
   198 | D:1      | Reached XP level 2. HP: 14/24 MP: 2/2
   502 | D:2      | Gained mutation: You occasionally shout uncontrollably at your foes. [potion of mutation]
   502 | D:2      | Gained mutation: You are agile. (Dex +2) [potion of mutation]
   502 | D:2      | Gained mutation: You are weak. (Str -2) [potion of mutation]
   559 | D:2      | Reached ** piety under Trog
   568 | D:2      | Lost mutation: You are agile. (Dex +2) [potion of mutation]
   568 | D:2      | Gained mutation: You are frail (-10% HP). [potion of mutation]
   568 | D:2      | Gained mutation: Your spells are a little harder to cast, but a little more powerful. [potion of mutation]
   585 | D:2      | HP: 1/21 [kobold/dagger (2)]
   693 | D:2      | Gained mutation: You have sharp fingernails. [demonic ancestry]
   693 | D:2      | Reached XP level 3. HP: 26/26 MP: 3/3
   928 | D:3      | HP: 1/26 [poisoned by an adder]
   931 | D:3      | Succumbed to an adder's poison

Skill      XL: |  1  2  3 |
---------------+----------+-----
Long Blades    | 3 |  3.3
Dodging        | 2 |  2.0
Armour         | 2 |  2.0
Fighting       | |  3.4
Stealth        | |  0.2

Action                   || total
-------------------------++-------
Melee: Falchion          ||    91
Invok: Trog's Hand       ||     1
       Berserk           ||     1
  Use: Scroll            ||     7
       Potion            ||     6
 Stab: Sleeping          ||     1
  Eat: Bread ration      ||     1
Armor: Animal skin       ||     8
       Robe              ||     3
       Ring mail         ||    13
Dodge: Dodged            ||    47
